Map: Year Zero LE

Players

Stropheum - Winner!

  • Race: Zerg Zerg
  • League: Master
  • Spawn Location: 1:00

JackDaniels

  • Race: Protoss Protoss
  • League: Diamond
  • Spawn Location: 11:00

VOD

Have the link to the VOD?

Description

Time

  • Played on: April 18, 2019, 12:35 p.m.
  • Length: 22:02
Show
View Real Time Build Order
Export as new Build Order

Stropheum Zerg - Winner!

Build Orders: Hatch First, Lurkers 

Get SALT Encoding   

  12  0:01  Drone  
  13  0:13  Overlord  
  13  0:18  Drone  
  14  0:31  Drone x2  
  16  0:51  Hatchery  
  16  0:54  Drone  
  16  0:57  Drone  
  16  1:02  Drone  
  18  1:12  Extractor  
  18  1:17  Spawning Pool  
  16  1:21  Drone  
  16  1:24  Drone  
  18  1:30  Drone  
  19  1:39  Drone  
  20  1:59  Overlord  
  20  2:04  Queen x2  
  20  2:05  Zergling x4  
  26  2:11  Drone  
  27  2:17  Metabolic Boost  
  27  2:18  Drone  
  27  2:22  Drone  
  29  2:31  Drone  
  30  2:42  Hatchery  
  29  2:49  Drone  
  29  2:50  Overlord  
  30  2:55  Drone x2  
  30  2:56  Drone  
  33  3:01  Drone  
  34  3:07  Queen  
  34  3:10  Overlord  
  36  3:22  Drone x5  
  41  3:28  Drone  
  42  3:35  Overlord  
  42  3:39  Overlord  
  42  3:55  Lair  
  42  4:01  Drone x6  
  42  4:02  Drone x3  
  51  4:06  Roach Warren, Drone  
  51  4:16  Extractor  
  50  4:17  Extractor, Overlord x3  
  49  4:26  Drone x2  
  51  4:38  Drone x2  
  53  4:40  Overlord x3  
  53  4:47  Roach  
  53  4:48  Roach x3  
  53  4:50  Queen  
  53  4:51  Queen  
  65  4:54  Overseer  
  65  4:56  Roach x2  
  65  4:58  Roach  
  71  5:17  Overseer  
  71  5:38  Ravager x4  
  71  5:40  Zergling x20  
  85  5:46  Ravager  
  85  5:48  Zergling x18  
  95  5:52  Queen x2  
  95  5:53  Queen  
  101  6:04  Overlord x4  
  101  6:11  Ravager x2  
  103  6:15  Zergling x18  
  103  6:16  Zergling x2  
  112  6:34  Queen x3  
  112  6:36  Roach x2  
  122  7:03  Roach x12  
  141  7:22  Overlord x2  
  141  7:23  Overlord x2  
  141  7:24  Overlord  
  141  7:27  Drone  
  141  7:28  Drone x5  
  140  7:31  Evolution Chamber  
  140  7:34  Baneling Nest, Drone  
  140  7:35  Drone  
  140  7:38  Glial Reconstitution  
  140  7:56  Drone x9  
  140  7:57  Drone x3  
  152  8:13  Extractor  
  152  8:14  Extractor  
  152  8:15  Zerg Melee Weapons Level 1  
  152  8:17  Centrifical Hooks  
  150  8:24  Hatchery  
  149  8:54  Overseer x2  
  149  8:55  Hydralisk Den  
  148  8:57  Infestation Pit  
  147  9:02  Evolution Chamber  
  146  9:15  Overlord  
  146  9:16  Overlord x3  
  146  9:20  Queen  
  146  9:21  Hatchery  
  147  9:24  Drone x5  
  147  9:25  Drone x15  
  166  9:42  Grooved Spines  
  166  9:43  Zerg Missile Weapons Level 1  
  164  9:52  Zergling x24  
  173  10:01  Hive  
  173  10:03  Hydralisk x9  
  191  10:27  Spore Crawler  
  190  10:31  Extractor  
  190  10:32  Spine Crawler x2, Extractor, Drone x4  
  190  10:33  Drone x2  
  190  10:35  Drone x2  
  194  10:37  Spine Crawler  
  194  10:39  Spine Crawler, Spore Crawler, Drone x2  
  194  10:40  Spine Crawler  
  194  10:41  Spine Crawler  
  191  10:43  Zerg Melee Weapons Level 2  
  191  10:48  Hydralisk x4  
  199  10:50  Spore Crawler  
  199  10:51  Zergling x2  
  199  10:53  Muscular Augments  
  199  11:10  Baneling  
  199  11:11  Baneling x30  
  189  11:12  Baneling x3  
  189  11:14  Hydralisk x5  
  195  11:40  Lurker Den  
  195  11:43  Hatchery  
  195  11:45  Zerg Missile Weapons Level 2  
  181  11:59  Zergling x38  
  200  12:06  Adrenal Glands  
  200  12:08  Overseer  
  199  12:24  Baneling x7  
  199  12:25  Baneling x21  
  199  12:27  Baneling  
  179  12:48  Hydralisk x8  
  179  12:49  Zergling x20  
  179  12:50  Zergling x36  
  153  13:01  Hydralisk x2  
  153  13:02  Hydralisk x3  
  163  13:08  Overseer x4  
  163  13:12  Hydralisk x4  
  152  13:15  Hydralisk  
  152  13:16  Hydralisk  
  137  13:32  Extractor  
  136  13:34  Drone x7  
  136  13:38  Zerg Melee Weapons Level 3  
  143  13:47  Extractor  
  142  13:51  Extractor  
  141  13:57  Pneumatized Carapace  
  141  14:07  Spine Crawler  
  141  14:09  Adaptive Talons, Spine Crawler  
  139  14:10  Spore Crawler  
  138  14:23  Hydralisk x17  
  164  14:26  Zergling x12  
  164  14:27  Zergling x2  
  179  14:45  Zerg Missile Weapons Level 3  
  178  14:54  Lurker x5  
  183  15:00  Lurker x2  
  185  15:19  Lurker x2  
  185  15:20  Lurker x3  
  190  15:21  Zergling x2  
  190  15:22  Zergling x16  
  199  15:38  Baneling x14  
  173  15:52  Spine Crawler  
  172  15:58  Hydralisk x7  
  172  15:59  Hydralisk x6  
  198  16:24  Spire  
  197  16:25  Spire  
  196  16:43  Spore Crawler  
  196  16:44  Spine Crawler  
  196  16:45  Spine Crawler  
  193  16:47  Overseer x2  
  193  16:51  Zerg Ground Armor Level 1  
  194  17:01  Zergling x14  
  194  17:06  Baneling x15, Hatchery  
  194  17:07  Baneling x3  
  199  17:08  Spore Crawler  
  199  17:10  Spine Crawler x2  
  196  17:39  Zerg Flyer Weapons Level 1, Greater Spire  
  174  18:29  Corruptor x13  
  200  18:42  Extractor  
  200  18:43  Extractor  
  198  18:54  Zerg Flyer Armor Level 1  
  198  19:01  Corruptor  
  200  19:08  Baneling  
  200  19:09  Baneling x13  
  200  19:14  Zerg Ground Armor Level 2  
  146  19:53  Corruptor  
  146  19:54  Corruptor x11  
  162  20:00  Hydralisk  
  162  20:01  Hydralisk x15  
  190  20:12  Hydralisk  
  190  20:13  Hydralisk  
  194  20:56  Brood Lord x3  
Show
View Real Time Build Order
Export as new Build Order

JackDaniels Protoss 

Build Orders:  

Get SALT Encoding   

  12  0:01  Probe  
  13  0:13  Probe  
  14  0:19  Pylon  
  14  0:25  Probe  
  15  0:33  Probe  
  15  0:41  Probe  
  17  0:51  Probe  
  18  1:07  Nexus  
  18  1:17  Gateway  
  18  1:24  Probe  
  18  1:32  Probe, Assimilator  
  19  1:35  Assimilator  
  20  1:42  Probe  
  21  1:50  Pylon  
  21  1:54  Probe  
  22  2:05  Cybernetics Core  
  22  2:06  Probe  
  23  2:09  Zealot  
  25  2:18  Probe  
  26  2:23  Probe  
  26  2:30  Probe  
  26  2:31  Warp Gate, Probe  
  26  2:33  Pylon  
  28  2:42  Sentry, Probe  
  31  2:44  Probe  
  32  2:54  Probe  
  32  2:57  Probe  
  34  3:06  Sentry  
  34  3:07  Robotics Facility, Probe  
  34  3:09  Probe  
  34  3:12  Pylon  
  38  3:19  Probe  
  39  3:20  Shield Battery  
  39  3:37  Gateway  
  39  3:38  Gateway  
  39  3:41  Gateway  
  39  3:43  Immortal  
  39  3:48  Sentry, Probe  
  41  3:49  Probe  
  47  4:07  Pylon  
  47  4:08  Pylon  
  47  4:09  Pylon  
  47  4:14  Immortal  
  47  4:20  Probe  
  47  4:21  Probe  
  53  4:24  Sentry  
  53  4:28  Assimilator  
  53  4:30  Assimilator  
  55  4:37  Pylon  
  55  4:39  Sentry  
  55  4:43  Stalker  
  55  4:44  Zealot  
  55  4:45  Probe  
  61  4:46  Probe  
  63  4:54  Immortal  
  63  4:58  Probe  
  68  5:10  Gateway  
  68  5:13  Gateway  
  68  5:17  Sentry x2  
  68  5:19  Probe  
  68  5:20  Probe  
  74  5:30  Pylon  
  74  5:31  Probe  
  74  5:32  Probe  
  74  5:35  Pylon  
  76  5:38  Warp Prism  
  78  5:43  Sentry  
  78  5:44  Sentry  
  78  5:46  Sentry  
  84  5:50  Zealot  
  84  5:54  Pylon  
  86  5:57  Pylon  
  86  6:04  Zealot  
  86  6:06  Zealot  
  86  6:08  Stalker  
  86  6:11  Sentry  
  94  6:12  Sentry  
  96  6:24  Stalker  
  96  6:25  Stalker  
  100  6:27  Stalker  
  102  6:35  Stalker x3  
  108  6:56  Nexus  
  108  7:01  Robotics Bay  
  108  7:05  Robotics Facility  
  108  7:18  Pylon  
  108  7:21  Forge x2  
  108  7:38  Colossus  
  108  7:39  Pylon  
  108  7:41  Pylon  
  108  7:42  Colossus  
  108  7:43  Shield Battery  
  108  7:45  Shield Battery  
  114  7:56  Extended Thermal Lance  
  120  8:02  Protoss Ground Weapons Level 1  
  120  8:10  Photon Cannon  
  120  8:11  Photon Cannon  
  120  8:40  Colossus x2  
  132  8:50  Probe  
  132  8:51  Protoss Ground Armor Level 1  
  132  8:53  Probe x2  
  135  9:05  Probe x2  
  137  9:10  Twilight Council  
  137  9:15  Stalker x2  
  137  9:16  Stalker x3  
  147  9:18  Probe  
  147  9:21  Probe  
  147  9:22  Probe  
  150  9:27  Immortal  
  150  9:33  Probe  
  155  9:43  Zealot x4  
  163  9:50  Assimilator  
  163  9:54  Assimilator  
  163  9:56  Photon Cannon  
  163  9:59  Stargate  
  163  10:05  Stargate  
  163  10:07  Charge  
  163  10:24  Zealot  
  165  10:54  Probe  
  165  10:55  Pylon x2  
  165  10:59  Pylon  
  165  11:07  Probe x2  
  165  11:09  Probe  
  165  11:10  Immortal  
  162  11:12  Void Ray  
  162  11:13  Immortal  
  162  11:15  Zealot x2  
  162  11:16  Zealot x2  
  162  11:17  Void Ray  
  182  11:19  Probe  
  182  11:21  Probe  
  182  11:24  Protoss Ground Weapons Level 2  
  178  11:49  Nexus  
  178  12:02  Pylon  
  178  12:04  Pylon  
  178  12:07  Pylon  
  178  12:11  Pylon  
  178  12:19  Colossus  
  178  12:20  Void Ray  
  178  12:22  Colossus  
  188  12:24  Observer  
  189  12:43  Colossus  
  131  12:58  Void Ray  
  135  13:04  Colossus  
  131  13:19  Zealot, Colossus  
  95  13:20  Zealot x5  
  98  13:49  Colossus  
  98  13:57  Stalker x2  
  98  13:58  Stalker x4  
  116  14:09  Photon Cannon  
  116  14:10  Photon Cannon  
  116  14:12  Photon Cannon  
  114  14:18  Dark Shrine, Probe  
  114  14:20  Probe  
  114  14:21  Probe  
  117  14:32  Probe  
  117  14:33  Probe  
  119  14:48  Phoenix  
  119  14:54  Nexus  
  121  15:07  Templar Archives  
  121  15:13  Pylon  
  118  15:33  Dark Templar  
  118  15:34  Dark Templar x3  
  116  15:50  Forge  
  116  15:54  Gateway  
  116  15:55  Gateway  
  116  15:57  Gateway  
  116  16:00  Probe, Assimilator  
  117  16:05  Assimilator  
  112  16:20  Dark Templar x3  
  111  16:42  Colossus x2  
  123  16:48  Pylon, Nexus  
  123  16:55  Gateway  
  123  16:59  Gateway  
  123  17:15  Shield Battery  
  123  17:17  Shield Battery  
  123  17:30  Gateway  
  123  17:32  Gateway  
  123  17:36  Colossus  
  129  17:37  Gateway  
  129  17:41  High Templar  
  131  17:52  Dark Templar  
  131  17:55  Dark Templar  
  133  18:12  Twilight Council  
  129  18:19  Archon x2  
  129  18:27  Phoenix x2  
  129  18:30  Dark Templar x2  
  129  18:31  Dark Templar  
  139  18:49  Phoenix  
  139  18:50  Phoenix  
  143  19:03  Nexus  
  143  19:13  Phoenix x2  
  143  19:15  Templar Archives  
  147  19:25  Pylon  
  147  19:28  Pylon  
  147  19:32  Pylon  
  147  19:43  Observer x2  
  103  19:55  Psionic Storm  
  103  19:58  Stalker x3  
  65  20:22  Gateway  
  65  20:25  Gateway  
  65  20:27  Gateway x2  
  65  20:29  High Templar  
  65  20:32  High Templar  
  69  20:37  High Templar  
  71  21:22  High Templar x2  
  71  21:23  High Templar  
  80  21:46  Zealot x3  
  80  21:47  Zealot  
Tags
 
Composition
Lurkers
Matchup
PvZ
Spawn Locations
Close Positions
Add a new tag
Caveats
  • Supply blocks, unpowered buildings, or Contaminate may cause inaccurate times.
  • Supply counts are checked every 10 seconds.